AoeStats
← Jadwigga

Arabia

510376791Analyzed
1v1 RM · 2d ago on Sep 30, 2026· 29m 59s· 2 players
Game mode
Random Map
Map size
Tiny (2 player)
Population
200
Speed
Normal
Resources
Standard
Victory
Conquest
Starting age
Dark Age
Ending age
Imperial Age
RankedLock teamsTeams togetherTeam positionsShared explorationLock speedFull tech treeHidden civsTurbo modeCheats
Victory
Defeat
🇨🇴 Saracens · Colombia
1252
+15
🇷🇴 Varangians · Romania
1224
-15
Jadwigga
6:54 Loom
9:16 Feudal Age
10:05 Double-Bit Axe
16:55 Wheelbarrow
19:27 Castle Age
17:20 Horse Collar
18:32 Scale Mail Armor
26:05 Fletching
28:43 Bow Saw
29:16 Bodkin Arrow
28:43 Elite Skirmisher
29:58 Squires
ofespinelman
4:42 Loom
6:46 Loom
9:24 Feudal Age
10:05 Double-Bit Axe
13:48 Gold Mining
16:12 Fletching
22:24 Castle Age
21:57 Padded Archer Armor
22:57 Wheelbarrow
22:34 Crossbowman
23:17 Bodkin Arrow
24:51 Scale Barding Armor
25:03 Leather Archer Armor
25:44 Forging
26:34 Bloodlines
29:04 Husbandry
Connection lost

Rejoining the realm…

Still unreachable

The connection could not be restored.

Session expired

The server has moved on; the page needs a fresh start.